 Dungeon Crawl Stone Soup version 0.26.0-10-g1f06aea511 (webtiles) character file.

Game seed: 17971596420408719300

712 Arum the Shield-Bearer (level 8, -2/64 HPs)
             Began as a Formicid Fighter on Jan 14, 2021.
             Was an Initiate of Gozag.
             Slain by an ogre
             ... wielding a +0 giant spiked club
              (21 damage)
             ... on level 5 of the Dungeon.
             The game lasted 00:04:39 (4261 turns).

Arum the Shield-Bearer (Formicid Fighter)           Turns: 4261, Time: 00:04:40

Health: -2/64      AC:  8    Str: 21    XL:     8   Next: 0%
Magic:  8/8        EV:  8    Int:  8    God:    Gozag
Gold:   506        SH: 10    Dex: 12    Spells: 7/7 levels left

rFire    . . .     SeeInvis +   t - +2 quarterstaff (chaos)
rCold    . . .     Faith    .   c - +0 kite shield
rNeg     . . .     Spirit   .   b - +0 scale mail
rPois    .         Reflect  .   (helmet unavailable)
rElec    .         Harm     .   u - +0 cloak
rCorr    +         Rampage  .   (no gloves)
Will     .....                  (no boots)
Stlth    ..........             (no amulet)
HPRegen  0.20/turn              f - ring of resist corrosion
MPRegen  0.11/turn              r - ring of teleportation (curse)

@: no status effects
A: permanent stasis, dig shafts and tunnels, four strong arms, antennae 3
a: Dig, Shaft Self, Renounce Religion, Potion Petition, Call Merchant, Bribe
Branch


You were on level 5 of the Dungeon.
You worshipped Gozag.
Gozag was pleased with you.
You visited 1 branch of the dungeon, and saw 5 of its levels.

You collected 521 gold pieces.
You paid 15 gold pieces to Gozag.

Inventory:

Hand Weapons
 a - a +0 quarterstaff
 t - a +2 quarterstaff of chaos (weapon)
Armour
 b - a +0 scale mail (worn)
 c - a +0 kite shield (worn)
 u - a +0 cloak (worn)
Jewellery
 f - a ring of resist corrosion (left hand)
 h - an uncursed ring of stealth
 r - a cursed ring of teleportation (right hand)
Wands
 q - a wand of polymorph (4)
 s - a wand of enslavement (8)
 v - a wand of disintegration (9)
Scrolls
 g - 2 scrolls of enchant weapon {unknown}
 l - 3 scrolls of teleportation {unknown}
 n - 3 scrolls of fog {unknown}
 o - 2 scrolls of identify {unknown}
 p - a scroll of fear {unknown}
Potions
 d - 2 potions of might
 e - 2 potions of ambrosia {unknown}
 i - 2 potions of brilliance {unknown}
 j - 3 potions of curing
 k - 2 potions of cancellation {unknown}
 m - a potion of attraction {unknown}


   Skills:
 + Level 5.7 Fighting
 + Level 4.6 Staves
 - Level 5.0 Armour
 + Level 6.3 Shields


You had 7 spell levels left.
You didn't know any spells.
Your spell library was empty.

Dungeon Overview and Level Annotations

Branches:
Dungeon (5/15)
 Temple: D:4-7

Altars:
Dithmenos
Gozag
Trog
Xom


Innate Abilities, Weirdness & Mutations

You cannot be hasted, slowed, berserked, paralysed or teleported.
You can dig through walls and to a lower floor.
Your four strong arms can wield two-handed weapons with a shield.
You have a pair of large antennae on your head. (SInv)


Message History

The ogre is lightly wounded.
The ogre barely misses you.
You sock the ogre!
Space bends around the ogre.
The ogre is heavily wounded.
The ogre hits you with a +0 giant spiked club!!
* * * LOW HITPOINT WARNING * * *
You are too injured to fight recklessly!
You are too injured to fight recklessly!
You are too injured to fight recklessly!
You are too injured to fight recklessly!
You are too injured to fight recklessly!
You hit the ogre. You freeze the ogre.
The ogre is severely wounded.
You block the ogre's attack.
Unknown command.
You barely miss the ogre.
The ogre is severely wounded.
The ogre hits you with a +0 giant spiked club!!
You die...
Your body crumbles into a pile of gold.

....... ....... ...
.....# ...... .....#
...... .....# .....
.....#
.....#####O....##
#......@.......
#..............
#$............. ..
#..#.............. #.
#.##..............
#.##.#######.....####
#..........#.....#
+..........#.....+
#..........#.....#


You could see an ogre.

Vanquished Creatures
  Sigmund (D:4)
  An ogre (D:4)
  A howler monkey (D:4)
  An orc priest (D:4)
  Crazy Yiuf (D:4)
  A gnoll shaman (D:4)
  An orc wizard (D:4)
  Jessica (D:2)
  Ijyb (D:4)
  2 worker ants (D:4)
  A hound skeleton (D:4)
  8 gnolls
  4 adders
  An ooze (D:1)
  A worm (D:4)
  A dart slug (D:1)
  7 leopard geckos
  5 orcs
  2 ball pythons (D:3)
  4 giant cockroaches
  3 goblins
  6 hobgoblins
  6 jackals
  4 kobolds
  A quokka (D:4)
  9 bats
  5 frilled lizards
  A quokka skeleton (D:4)
  4 rats (D:1)
84 creatures vanquished.

Notes
Turn   | Place    | Note
-------+----------+-------------------------------------------
     0 | D:1      | Arum the Formicid Fighter began the quest for the Orb.
     0 | D:1      | Reached XP level 1. HP: 18/18 MP: 1/1
   128 | D:1      | Reached XP level 2. HP: 18/24 MP: 2/2
   369 | D:1      | Reached skill level 4 in Shields
   369 | D:1      | Reached XP level 3. HP: 29/29 MP: 3/3
   766 | D:2      | Noticed Jessica
   773 | D:2      | Reached XP level 4. HP: 29/37 MP: 4/4
   775 | D:2      | Killed Jessica
   940 | D:2      | Found an opulent altar of Gozag.
  1008 | D:2      | Became a worshipper of Gozag Ym Sagoz the Greedy
  1322 | D:3      | Found a shadowy altar of Dithmenos.
  1557 | D:3      | Reached XP level 5. HP: 37/42 MP: 5/5
  1619 | D:3      | Found a shimmering altar of Xom.
  2069 | D:3      | Found a bloodstained altar of Trog.
  2310 | D:4      | Noticed an ogre
  2534 | D:4      | Noticed Ijyb
  2548 | D:4      | Killed Ijyb
  2576 | D:4      | Killed an ogre
  2577 | D:4      | Reached skill level 5 in Shields
  2577 | D:4      | Reached XP level 6. HP: 31/49 MP: 6/6
  2612 | D:4      | Noticed Sigmund
  2621 | D:4      | Killed Sigmund
  2622 | D:4      | Reached skill level 5 in Fighting
  2622 | D:4      | Reached skill level 5 in Armour
  2622 | D:4      | Reached XP level 7. HP: 13/56 MP: 7/7
  3436 | D:4      | Reached skill level 6 in Shields
  3932 | D:4      | Found a runed translucent door.
  3933 | D:4      | Noticed Crazy Yiuf
  3944 | D:4      | Killed Crazy Yiuf
  3945 | D:4      | Reached XP level 8. HP: 48/64 MP: 8/8
  4220 | D:5      | Entered Level 5 of the Dungeon
  4261 | D:5      | Slain by an ogre

Illustrated notes

Levels and vault maps discovered:
D:1:      zelgadis_glass_arrival_small, layout_loops_ring, serial_park_tiny_1,
          st_stairs_7
D:2:      layout_rooms, overflow_temple_1_default, uniq_jessica
D:3:      layout_loops_ring, general_overflow_altar,
          nicolae_dithmenos_through_a_glass_darkly, marbit_many_paths
D:4:      layout_rooms, uniq_crazy_yiuf_cottage, uniq_ijyb, uniq_sigmund
D:5:      layout_gridville, lemuel_round_altar, uniq_menkaure

Skill      XL: |  1  2  3  4  5  6  7 |
---------------+----------------------+-----
Shields        | 4 5 6 |  6.3
Fighting       | 4 5 |  5.7
Armour         | 4 5 |  5.0
Staves         | 3 4 |  4.6

Action                   |  1- 3 |  4- 6 |  7- 9 || total
-------------------------+-------+-------+-------++-------
Melee: Quarterstaff      |    75 |   161 |   121 ||   357
 Abil: Dig               |       |       |     1 ||     1
Armor: Scale mail        |    34 |    52 |    31 ||   117
       Skin              |       |     8 |       ||     8
Dodge: Dodged            |    32 |    52 |    23 ||   107
Block: Kite shield       |    38 |    83 |    47 ||   168
